 Dungeon Crawl Stone Soup version 0.30-a0-393-g54b8e3be05 (webtiles) character file.

Game seed: 9484680786656197518

93 tsouns the Shield-Bearer (level 4, -7/29 HPs)
             Began as a Gargoyle Fighter on Dec 5, 2022.
             Was an Initiate of Ashenzari.
             Killed by divine providence
             ... invoked by an orc priest
              (13 damage)
             ... on level 3 of the Dungeon.
             The game lasted 00:02:40 (1603 turns).

tsouns the Shield-Bearer (Gargoyle Fighter)         Turns: 1603, Time: 00:02:40

Health: -7/29      AC: 10    Str: 21    XL:     4   Next: 61%
Magic:  4/4        EV:  9    Int:  9    God:    Ashenzari [......]
Gold:   97         SH:  4    Dex:  9    Spells: 3/3 levels left

rFire   . . .      SeeInvis .    a - +0 flail
rCold   . . .      Faith    .    c - +0 buckler
rNeg    + . .      Spirit   .    b - +0 scale mail
rPois   ∞          Reflect  .    (no helmet)
rElec   +          Harm     .    (no cloak)
rCorr   .          Rampage  .    (no gloves)
Will    .....                    (no boots)
Stlth   ..........               (no amulet)
HPRegen 0.24/turn                (no ring)
MPRegen 0.09/turn                (no ring)

@: no status effects
A: sickness immunity, AC +3, negative energy resistance 1, electricity
resistance, torment resistance 1, petrification resistance
a: Renounce Religion, Curse Item


You were on level 3 of the Dungeon.
You worshipped Ashenzari.
Ashenzari was noncommittal.
You visited 1 branch of the dungeon, and saw 3 of its levels.

You collected 97 gold pieces.

Inventory:

Hand Weapons
 a - a +0 flail (weapon)
Armour
 b - a +0 scale mail (worn)
 c - a +0 buckler (worn)
Jewellery
 h - an amulet of regeneration
Scrolls
 e - a scroll of teleportation {unknown}
 g - a scroll of poison {unknown}
 i - a scroll of noise {unknown}
 k - a scroll of fear {unknown}
 o - a scroll of summoning {unknown}
 r - a scroll of butterflies {unknown}
 s - a scroll of enchant weapon {unknown}
Potions
 d - a potion of might
 f - a potion of haste {unknown}
 j - 2 potions of mutation {unknown}
 l - a potion of berserk rage {unknown}
 m - 2 potions of curing {unknown}
 n - a potion of magic {unknown}
 p - a potion of ambrosia {unknown}
 q - a potion of attraction {unknown}


   Skills:
 + Level 4.0 Fighting
 + Level 2.9 Maces & Flails
 + Level 4.0 Armour
 + Level 4.0 Shields


You had 3 spell levels left.
You didn't know any spells.
Your spell library contained the following spells:

 Spells                   Type           Power      Damage    Failure   Level
 Apportation              Tloc           0%         N/A       80%         1
 Alistair's Intoxication  Tmut/Pois      0%         N/A       100%        5


Dungeon Overview and Level Annotations

Branches:
Dungeon (3/15)

Altars:
Ashenzari
Elyvilon
Hepliaklqana
Zin
The Shining One


Innate Abilities, Weirdness & Mutations

You are immune to sickness and miasma.
Your stone body is resilient. (AC +3)
You are immune to poison.
You resist negative energy. (rN+)
You are resistant to electric shocks. (rElec)
You are resistant to unholy torment.
You are immune to petrification.


Message History

You barely miss the orc. The orc closely misses you.
The orc hits you with a +0 war axe!
You thump the orc!
You kill the orc!
You closely miss the orc. The orc hits you with a +0 hand axe.
You are too injured to fight recklessly!
You are too injured to fight recklessly!
You are too injured to fight recklessly!
You are too injured to fight recklessly!
You are too injured to fight recklessly!
You are too injured to fight recklessly!
You are too injured to fight recklessly!
You are too injured to fight recklessly!
You are too injured to fight recklessly!
You are too injured to fight recklessly!
You are too injured to fight recklessly!
You are too injured to fight recklessly!
You are too injured to fight recklessly!
You are too injured to fight recklessly!
You are too injured to fight recklessly!
You are too injured to fight recklessly!
You are too injured to fight recklessly!
You are too injured to fight recklessly!
You closely miss the orc. The orc closely misses you.
The orc hits you but does no damage.
You closely miss the orc. The orc hits you but does no damage.
You barely miss the orc.
The orc priest begins to cast a cantrip, but forgets the words!
The orc misses you.
You hit the orc.
The orc is severely wounded.
The orc priest invokes the aid of Beogh against you.
Beogh smites you!
* * * LOW HITPOINT WARNING * * *
The orc barely misses you.
You closely miss the orc.
The orc is severely wounded.
The orc priest invokes the aid of Beogh against you.
Beogh smites you!
You die...

#...... #...>..########
#......##.....# .
#.....###.....# ..
#......##.....# ...
#......##.....# ....
#.............# .....
#.......#.....####......
.......##.......@oo.....
..............####......
......###[....... .....
...............### ....
..♣♣♣......##### ...
#♣♣♣♣♣..)..# ..
♣♣...♣♣....# .
♣.._..♣....#
......♣.)..#


You could see an orc priest and an orc.

Vanquished Creatures
  2 adders (D:3)
  A dart slug (D:3)
  2 worms
  2 orcs (D:3)
  5 bats
  4 endoplasms (D:2)
  6 giant cockroaches
  3 goblins
  7 hobgoblins
  4 jackals (D:2)
  A quokka (D:1)
  6 ball pythons
  3 frilled lizards (D:1)
  7 kobolds
  8 rats
61 creatures vanquished.

Notes
Turn   | Place    | Note
-------+----------+-------------------------------------------
     0 | D:1      | tsouns the Gargoyle Fighter began the quest for the Orb.
     0 | D:1      | Reached XP level 1. HP: 14/14 MP: 1/1
    27 | D:1      | Reached XP level 2. HP: 15/19 MP: 2/2
   326 | D:1      | Reached XP level 3. HP: 15/23 MP: 3/3
  1248 | D:3      | Reached XP level 4. HP: 29/29 MP: 4/4
  1381 | D:3      | Found a faded altar of an unknown god.
  1387 | D:3      | Found a hazy altar of Hepliaklqana.
  1394 | D:3      | Prayed at the altar of an unknown god.
  1394 | D:3      | Became a worshipper of Ashenzari the Shackled
  1557 | D:3      | Found a white marble altar of Elyvilon.
  1557 | D:3      | Found a glowing golden altar of the Shining One.
  1558 | D:3      | Found a glowing silver altar of Zin.
  1603 | D:3      | Killed from afar by an orc priest

Illustrated notes

Levels and vault maps discovered:
D:1:      lightli_molten_gateway, layout_rooms
D:2:      layout_basic, serial_glass, glass_columns_a, glass_columns_b,
          item_on_display_a
D:3:      layout_rooms, good_gods_temple_1, nicolae_overflow_ecumenical_swirl,
          chequers_decorated_corner

Skill      XL: |  1  2  3  4 |
---------------+-------------+-----
Shields        | 4 |  4.0
Fighting       | 4 |  4.0
Armour         | 4 |  4.0
Maces & Flails | |  2.9

Action                   |  1- 3 |  4- 6 || total
-------------------------+-------+-------++-------
Melee: Flail             |   129 |    49 ||   178
Armor: Scale mail        |    98 |    27 ||   125
Dodge: Dodged            |    58 |    24 ||    82
Block: Buckler           |    27 |     4 ||    31

Table legend: (Time is in decaauts)
 A = Elapsed time spent in this place.
 B = Non-inter-level travel time spent in this place.
 C = Inter-level travel time spent in this place.
 D = Time resting spent in this place.
 E = Time spent auto-exploring this place.
 F = Levels seen in this place.
 G = Mean time per level.
                   A        B        C        D        E       F      G
               +--------+--------+--------+--------+--------+-----+--------+
         Total |   1659 |   1650 |      9 |      0 |   1188 |   3 |  553.0 |
       Dungeon |   1659 |   1650 |      9 |      0 |   1188 |   3 |  553.0 |
               +--------+--------+--------+--------+--------+-----+--------+

Top non-repeatable levels by time:
     D:2: 823 daAuts
     D:1: 456 daAuts
     D:3: 380 daAuts
